 Dungeon Crawl Stone Soup version 0.16-a0-3722-g5e7e3b6 (webtiles) character file.

519 EdwardR the Skirmisher (level 7, -2/53 HPs)
             Began as a Mummy Fighter on Jan 21, 2015.
             Was a Follower of Trog.
             Slain by an ogre
             ... wielding a +0 giant club
              (14 damage)
             ... on level 5 of the Dungeon.
             The game lasted 00:09:26 (3987 turns).

EdwardR the Skirmisher (Mummy Fighter)              Turns: 3987, Time: 00:09:26

Health: -2/53      AC:  9    Str: 21    XL:     7   Next: 1%
Magic:  7/7        EV:  8    Int:  7    God:    Trog [*.....]
Gold:   199        SH:  9    Dex: 11    Spells: 0 memorised, 6 levels left

rFire  x . .     SeeInvis .     a - +1 war axe
rCold  + . .     Clarity  .     b - +2 scale mail
rNeg   + + +     SustAb   .     c - +0 shield
rPois  ∞         Gourm    .     j - +1 hat
rElec  .         Spirit   .     (no cloak)
rCorr  .         Warding  .     (no gloves)
rMut   .         Stasis   .     (no boots)
MR     .....                    (no amulet)
Stlth  ..........               (no ring)
                                (no ring)

@: not resistant to hostile enchantments, extremely unstealthy
A: no food or potions, fire vulnerability, restore body, cold resistance 1,
negative energy resistance 3, poison resistance, torment resistance, unbreathing
a: Burn Spellbooks, Renounce Religion


You were on level 5 of the Dungeon.
You worshipped Trog.
Trog was aware of your devotion.
You were not hungry.

You visited 1 branch of the dungeon, and saw 5 of its levels.

You collected 199 gold pieces.

Inventory:

Hand weapons
 a - a +1 war axe (weapon)
 e - a +2 falchion of electrocution
Armour
 b - a +2 scale mail (worn)
 c - a +0 shield (worn)
 j - a +1 hat (worn)
Magical devices
 d - a wand of draining (5)
Scrolls
 h - 3 scrolls of remove curse
 i - 2 scrolls of identify
 k - a scroll of immolation
 l - a scroll of random uselessness


   Skills:
 + Level 3.8 Fighting
 * Level 3.6 Axes
 + Level 3.6 Armour
 + Level 2.3 Dodging
 + Level 0.1 Stealth
 + Level 3.6 Shields


You had 6 spell levels left.
You didn't know any spells.

Dungeon Overview and Level Annotations

Branches:
Dungeon (5/15)             Temple (0/1) D:4

Altars:
Ashenzari
Dithmenos
Gozag
Trog
Yredelemnul
The Shining One

Shops:
D:5 :(


Innate Abilities, Weirdness & Mutations

You do not eat or drink.
Your flesh is vulnerable to fire.
Your flesh is cold resistant.
You are immune to negative energy.
Your system is resistant to poisons.
You are immune to unholy pain and torment.
You can survive without breathing.


Message History

Your magical contamination has completely faded away.
Unknown command.
Read which item? (? for menu, Esc to quit)
Okay, then.
You slash the ogre!
The ogre is moderately wounded.
The ogre barely misses you.
You hit the ogre.
The ogre is heavily wounded.
The ogre closely misses you.
Your shield and scale mail prevent you from hitting the ogre.
The ogre is heavily wounded.
The ogre closely misses you.
You slash the ogre!
The ogre is severely wounded.
The ogre hits you but does no damage.
You hit the ogre.
The ogre is almost dead.
The ogre hits you with a giant club!
You die...

,,,,,,,,,,,,,,,,,,,,,,>,,,,..>...
,******,,,******,,,,*******#..O..
,* *,,,* *,,,,* #..... ** *,,,*
*,,,,* #..... ***** *,,,,* #.....
*,,,,* ###.## *,,,,* #.#
###############.#
#@O.....∩.......#
#################* *,,,,,,,,,,,,,
*******,***********,
********,*,,,,,,* *,
*,,,**,,*,,,,,,,* *,
*,,,,,****,,,,,,* *, *,,,***
**,,,,** *, ***** ****** *,


You could see an ogre.

Vanquished Creatures
  3 scorpions (D:4)
  A hound (D:4)
  2 orc priests (D:3)
  A giant frog zombie (D:5)
  An orc wizard (D:3)
  A worker ant (D:4)
  6 adders
  3 giant mites
  4 worms
  An adder skeleton (D:4)
  3 giant geckos (D:1)
  An ooze (D:3)
  12 orcs (D:3)
  12 bats
  6 giant cockroaches
  8 goblins
  10 hobgoblins
  2 jackals (D:3)
  9 kobolds
  4 giant newts
  11 rats
  5 fungi (D:4)
106 creatures vanquished.

Vanquished Creatures (others)
  A fungus (D:4)
1 creature vanquished.

Grand Total: 107 creatures vanquished

Notes
Turn   | Place    | Note
--------------------------------------------------------------
     0 | D:1      | EdwardR, the Mummy Fighter, began the quest for the Orb.
     0 | D:1      | Reached XP level 1. HP: 18/18 MP: 1/1
    71 | D:1      | Reached XP level 2. HP: 17/24 MP: 2/2
   772 | D:1      | Reached XP level 3. HP: 24/29 MP: 3/3
  1212 | D:2      | Reached XP level 4. HP: 35/35 MP: 4/4
  1297 | D:2      | Reached skill level 1 in Dodging
  1485 | D:2      | Found a shadowy altar of Dithmenos.
  1485 | D:2      | Found a basalt altar of Yredelemnul.
  1860 | D:3      | Reached XP level 5. HP: 31/41 MP: 5/5
  1865 | D:3      | Found a glowing golden altar of the Shining One.
  2405 | D:3      | Found a bloodstained altar of Trog.
  2573 | D:3      | Became a worshipper of Trog the Wrathful
  2957 | D:4      | Found a shattered altar of Ashenzari.
  2963 | D:4      | Reached XP level 6. HP: 46/48 MP: 6/6
  3032 | D:4      | Found an opulent altar of Gozag.
  3346 | D:4      | Found a staircase to the Ecumenical Temple.
  3695 | D:4      | Acquired Trog's first power
  3915 | D:5      | Entered Level 5 of the Dungeon
  3932 | D:5      | Found Jiemmaez's Weapon Emporium.
  3951 | D:5      | Found Kuirgh's Book Boutique.
  3982 | D:5      | Reached XP level 7. HP: 11/53 MP: 7/7
  3987 | D:5      | Slain by an ogre

Action                   |  1- 3 |  4- 6 |  7- 9 || total
-------------------------+-------+-------+-------++-------
Melee: War axe           |   105 |   214 |     5 ||   324
  Use: Scroll            |     1 |    12 |       ||    13
